 Dungeon Sprint DCSS version 0.32-a0-450-g080537f31e (webtiles) character file.

Game seed: 147479776098453714

200 adelrune the Skirmisher (level 5, -13/50 HPs)
             Began as a Minotaur Hunter on Feb 23, 2024.
             Was a Believer of Dithmenos.
             Mangled by an ogre
             ... wielding a +0 giant club
              (17 damage)
             ... in the Dungeon (Sprint V: "Ziggurat Sprint").
             The game lasted 00:03:34 (183 turns).

adelrune the Skirmisher (Minotaur Hunter)            Turns: 183, Time: 00:03:34

Health: -13/50     AC:  6    Str: 16    XL:     5   Next: 49%
Magic:  4/4        EV: 14    Int:  6    God:    Dithmenos [**....]
Gold:   0          SH:  0    Dex: 15    Spells: 4/4 levels left

rFire   . . .        s - +8 storm bow {elec, penet}
rCold   + + +        (shield currently unavailable)
rNeg    . . .        E - +4 skin of Zhor {*Englaciate rC+++ SInv}
rPois   .            (helmet restricted)
rElec   .            (no cloak)
rCorr   .            (no gloves)
SInv    +            (no boots)
Will    .....        (no amulet)
Stlth   +++          (no ring)
HPRegen 0.28/turn    (no ring)
MPRegen 0.09/turn

%: no teleportation
@: wreathed by umbra
A: horns 2, retaliatory headbutt
a: Renounce Religion, Shadow Step


You were in the Dungeon.
You worshipped Dithmenos.
Dithmenos was pleased with you.
You visited 1 branch

Inventory:

Hand Weapons
 a - a +0 shortbow
 s - the +8 storm bow (weapon) {elec, penet}
   (You found it in the Dungeon)
Armour
 c - a +0 leather armour
 D - +5 fire dragon scales
 E - the +4 skin of Zhor (worn) {*Englaciate rC+++ SInv}
   (You found it in the Dungeon)

   *Englaciate: It radiates cold, occasionally slowing all nearby creatures who
   are not resistant to cold.
   rC+++:     It renders you almost immune to cold.
   SInv:      It lets you see invisible.
Jewellery
 t - a ring of flight
 u - a +6 ring of dexterity
 v - a +6 ring of dexterity
 w - a +6 ring of intelligence
 x - a +6 ring of intelligence
 y - a +6 ring of strength
 z - a +6 ring of strength
Wands
 A - a wand of mindburst (7)
 B - a wand of iceblast (7)
 C - a wand of acid (7)
Scrolls
 b - a scroll of butterflies
 i - 4 scrolls of blinking
 o - 4 scrolls of amnesia
 p - 7 scrolls of fog
 q - 5 scrolls of identify
 r - 2 scrolls of fear
Potions
 d - 10 potions of curing
 e - 10 potions of heal wounds
 f - 6 potions of haste
 g - 7 potions of magic
 h - 3 potions of berserk rage
 j - 2 potions of brilliance
 k - 2 potions of invisibility
 l - 4 potions of resistance
 m - a potion of experience
 n - 5 potions of might


   Skills:
 + Level 6.1 Fighting
 * Level 8.6 Ranged Weapons
 + Level 5.4 Armour
 + Level 5.4 Dodging
 + Level 4.1 Stealth


You had 4 spell levels left.
You didn't know any spells.
Your spell library was empty.

Dungeon Overview and Level Annotations

Branches:
Dungeon (1/1)

Altars:
Ashenzari
Cheibriados
Dithmenos
Elyvilon
Fedhas
Gozag
Hepliaklqana
Kikubaaqudgha
Makhleb
Nemelex Xobeh
Okawaru
Qazlal
Ru
Sif Muna
Trog
Uskayaw
Vehumet
Wu Jian
Xom
Yredelemnul
Zin
The Shining One
Beogh
Jiyva
Lugonu

Annotations:
D 1 transporter


Innate Abilities, Weirdness & Mutations

You have a pair of horns on your head.
You reflexively headbutt those who attack you in melee.


Message History

Lightning courses through the ogre!
You kill the ogre!
Dithmenos accepts your kill.
You can now step into the shadows of nearby creatures.
You radiate an aura of cold.
The two-headed ogre resists.
The ogre seems to slow down.
The two-headed ogre resists.
Your Fighting skill increases to level 6!
Your Ranged Weapons skill increases to level 8!
Your Armour skill increases to level 5!
Your Dodging skill increases to level 5!
Your Stealth skill increases to level 4!
You have reached level 5!
You shoot an arrow.
The arrow pierces through the two-headed ogre!
Lightning courses through the two-headed ogre!
The two-headed ogre is moderately wounded.
The ogre is no longer moving slowly.
The two-headed ogre completely misses you.
The two-headed ogre hits you with a +0 giant club!
You shoot an arrow.
The arrow pierces through the two-headed ogre!
The two-headed ogre is heavily wounded.
The arrow pierces through the two-headed ogre!
The two-headed ogre is moderately wounded.
The arrow closely misses the ogre.
You shoot an arrow.
The arrow pierces through the two-headed ogre.
The two-headed ogre is severely wounded.
The two-headed ogre hits you with a +0 giant spiked club!!
The two-headed ogre hits you with a +0 giant club!
* * * LOW HITPOINT WARNING * * *
The two-headed ogre misses you. You furiously retaliate!
You headbutt the two-headed ogre!
The two-headed ogre completely misses you.
You are too injured to fight recklessly!
Unknown command.
You shoot an arrow.
The arrow barely misses the two-headed ogre.
The ogre hits you with a +0 giant club!
You die...

▓▓▓▓▓▓▓▓▓▓▓▓▓▓▓▓▓▓▓
▓.ß©ß.▓.ß©ß.▓.ß©ß.▓
▓.==).▓.).|.▓.....▓
▓..)..▓.....▓.|.).▓
▓.)...▓.....▓.....▓
▓.....▓.....▓.....▓
▓.OOO.▓.))).▓..©..▓
▓..@..▓..©..▓▓▓▓▓▓▓
▓▓▓▓▓▓▓▓▓▓▓▓▓


You could see 2 two-headed ogres and an ogre.

Vanquished Creatures
  An ogre (D)
  An orc priest (D)
  An iguana (D)
  2 orc wizards (D)
  A river rat (D)
6 creatures vanquished.

Notes
Turn   | Place    | Note
-------+----------+-------------------------------------------
     0 | D        | adelrune the Minotaur Hunter began the quest for the Orb.
     0 | D        | Reached XP level 1. HP: 18/18 MP: 0/0
     0 | D        | Found a shimmering blue altar of Sif Muna.
     0 | D        | Found a sacrificial altar of Ru.
     0 | D        | Found a bloodstained altar of Trog.
     0 | D        | Found a stormy altar of Qazlal.
     0 | D        | Found an iron altar of Okawaru.
     0 | D        | Found a sparkling altar of Nemelex Xobeh.
     0 | D        | Found a blossoming altar of Fedhas.
     0 | D        | Found the +6 Majin-Bo {spellvamp, MP+6 Int+6}
     0 | D        | Found the +27 heavy crossbow "Sniper" {heavy, Acc+∞ SInv}
     0 | D        | Found the +10 dark maul {heavy}
     0 | D        | Found the +15 Maxwell's patent armour {-Cast -Tele rElec
                  | Will+ rCorr}
     0 | D        | Found the +18 shield of the Gong {Loud rN+ Will+ rCorr
                  | EV-5}
     0 | D        | Found the +16 obsidian axe {drain, demonic, Mesm ^Drain Fly
                  | SInv}
     0 | D        | Found the +7 great mace "Firestarter" {flame, immolate,
                  | rFlCloud rF++}
     0 | D        | Found the +6 shillelagh "Devastator" {shatter}
     0 | D        | Found the +11 plutonium sword {^Contam Stlth-}
     0 | D        | Found the +8 lance "Wyrmbane" {slay drac, rPois rF+ rC+
                  | AC+3}
     0 | D        | Found the +9 sword of Zonguldrok {reap}
     0 | D        | Found the +13 scythe of Curses {drain, curses, ^Drain}
     0 | D        | Found the +9 sword of Power {lifebolt}
     0 | D        | Found the +7 mace of Variability {chaos, chaos arc}
     0 | D        | Found the +11 Singing Sword {sonic wave}
     0 | D        | Found the +8 storm bow {elec, penet}
     2 | D        | Found a transporter.
     2 | D        | Found an ancient bone altar of Kikubaaqudgha.
     2 | D        | Found a viscous altar of Jiyva.
     2 | D        | Found a corrupted altar of Lugonu.
     2 | D        | Found a hazy altar of Hepliaklqana.
     2 | D        | Found a burning altar of Makhleb.
     2 | D        | Found an opulent altar of Gozag.
    59 | D        | Became a worshipper of Dithmenos the Shadowed
   128 | D        | Entered arena 2.
   128 | D        | Noticed an iguana
   128 | D        | Found a transporter.
   129 | D        | Killed an iguana
   130 | D        | Reached skill level 5 in Ranged Weapons
   130 | D        | Reached XP level 2. HP: 27/27 MP: 1/1
   131 | D        | Reached skill level 6 in Ranged Weapons
   131 | D        | Reached XP level 3. HP: 33/33 MP: 2/2
   140 | D        | Entered arena 3.
   140 | D        | Found the +4 skin of Zhor {*Englaciate rC+++ SInv}
   140 | D        | Found a transporter.
   147 | D        | Reached * piety under Dithmenos
   148 | D        | Reached skill level 7 in Ranged Weapons
   148 | D        | Reached XP level 4. HP: 28/41 MP: 3/3
   154 | D        | Reached skill level 5 in Fighting
   177 | D        | Entered arena 4.
   177 | D        | Noticed a two-headed ogre
   177 | D        | Noticed an ogre
   177 | D        | Noticed an ogre
   177 | D        | Noticed a two-headed ogre
   177 | D        | Found a transporter.
   179 | D        | Killed an ogre
   179 | D        | Reached ** piety under Dithmenos
   180 | D        | Reached skill level 8 in Ranged Weapons
   180 | D        | Reached skill level 5 in Armour
   180 | D        | Reached skill level 5 in Dodging
   180 | D        | Reached XP level 5. HP: 46/50 MP: 4/4
   183 | D        | Mangled by an ogre

Illustrated notes

Levels and vault maps discovered:
D:        sprint_v [room_start, room_1, room_2, room_3, room_4, room_5, room_6,
          room_7, room_8, room_9, room_10, room_11, room_12, room_13, room_14,
          room_15, room_16, room_17, room_18, room_19, room_20, room_21,
          room_22, room_23, room_24, room_25, room_26, room_27]

Skill      XL: |  1  2  3  4 |
---------------+-------------+-----
Fighting       | 3 4 6 |  6.1
Ranged Weapons | 5 6 7 8 |  8.6
Armour         | 2 3 5 |  5.4
Dodging        | 3 4 5 |  5.4
Stealth        | 2 3 4 |  4.1

Action                     |  1- 3 |  4- 6 || total
---------------------------+-------+-------++-------
   Fire: Longbow           |     9 |    12 ||    21
 Armour: Fire dragon scale |    12 |     6 ||    18
         Animal skin       |       |     4 ||     4
  Dodge: Dodged            |     7 |     3 ||    10

Table legend: (Time is in decaauts)
 A = Elapsed time spent in this place.
 B = Non-inter-level travel time spent in this place.
 C = Inter-level travel time spent in this place.
 D = Time resting spent in this place.
 E = Time spent auto-exploring this place.
 F = Levels seen in this place.
 G = Mean time per level.
                   A        B        C        D        E       F      G
               +--------+--------+--------+--------+--------+-----+--------+
         Total |    193 |    193 |      0 |      0 |      0 |   1 |  193.0 |
       Dungeon |    193 |    193 |      0 |      0 |      0 |   1 |  193.0 |
               +--------+--------+--------+--------+--------+-----+--------+

Top non-repeatable levels by time:
       D: 193 daAuts
